 Dungeon Crawl Stone Soup version 0.28-a0-1130-gc51a68064b (webtiles) character file.

Game seed: 14982384504214114798

144 ytrimaz the Insei (level 5, 0/34 HPs)
             Began as an Octopode Transmuter on Dec 12, 2021.
             Succumbed to an orc's poison
             ... on level 4 of the Dungeon.
             The game lasted 00:02:53 (3522 turns).

ytrimaz the Insei (Octopode Transmuter)             Turns: 3522, Time: 00:02:53

Health: 0/34       AC:  1    Str: 15    XL:     5   Next: 27%
Magic:  9/9        EV: 13    Int: 18    God:
Gold:   124        SH:  0    Dex: 12    Spells: 4/10 levels left

rFire   . . .      SeeInvis .     - Unarmed
rCold   . . .      Faith    .   (no shield)
rNeg    . . .      Spirit   .   (helmet currently unavailable)
rPois   .          Reflect  .   (no amulet)
rElec   .          Harm     .   a - +6 ring of strength
rCorr   .          Rampage  .   (no ring)
Will    .....                   (no ring)
Stlth   ++........              (no ring)
HPRegen 0.11/turn               (no ring)
MPRegen 0.11/turn               (no ring)
                                (no ring)
                                (no ring)

@: lethally poisoned (0 -> -10), appendages, attractive
A: tentacle spike 3, almost no armour, amphibious, 8 rings, camouflage 1,
gelatinous body 1, (nimble swimmer 1), tentacles
a: End Transformation


You were on level 4 of the Dungeon.
One of your tentacles had grown a beastly spike.
You visited 1 branch of the dungeon, and saw 4 of its levels.

You collected 124 gold pieces.

Inventory:

Missiles
 f - 2 throwing nets
Jewellery
 a - a +6 ring of strength (left tentacle)
Wands
 h - a wand of polymorph (5)
Scrolls
 g - 2 scrolls of teleportation
Potions
 c - a potion of resistance {unknown}
 d - 3 potions of haste
 e - 2 potions of cancellation {unknown}
 i - a potion of invisibility {unknown}
 j - a potion of curing {unknown}


   Skills:
 * Level 1.8 Fighting
 - Level 2.0 Dodging
 + Level 3.7 Unarmed Combat
 * Level 3.1 Spellcasting
 * Level 3.5 Transmutations


You had 4 spell levels left.
You knew the following spells:

 Your Spells              Type           Power      Damage    Failure   Level
a - Beastly Appendage     Tmut           30%        N/A       3%          1
b - Wereblood             Tmut           15%        N/A       6%          2
c - Spider Form           Tmut/Pois      9%         N/A       24%         3

Your spell library contained the following spells:

 Spells                   Type           Power      Damage    Failure   Level
 Foxfire                  Conj/Fire      8%         2x1d4     16%         1
 Slow                     Hex            8%         N/A       16%         1
 Confusing Touch          Hex            2%         N/A       43%         3
 Conjure Flame            Conj/Fire      2%         6-21      43%         3
 Gell's Gravitas          Tloc           2%         N/A       43%         3
 Inner Flame              Hex/Fire       2%         N/A       43%         3
 Lesser Beckoning         Tloc           2%         N/A       43%         3
 Teleport Other           Tloc           2%         N/A       43%         3
 Vampiric Draining        Necr           2%         2d6       43%         3
 Ice Form                 Ice/Tmut       9%         N/A       61%         4
 Flame Wave               Conj/Fire      2%         2d4       85%         4
 Dispersal                Tloc           1%         N/A       100%        6


Dungeon Overview and Level Annotations

Branches:
Dungeon (4/15)
 Temple: D:4-7

Altars:


Innate Abilities, Weirdness & Mutations

One of your tentacles has grown a beastly spike.
You cannot wear most types of armour.
You are amphibious.
You can wear up to eight rings at the same time.
Your skin changes colour to match your surroundings (Stealth+).
Your rubbery body absorbs attacks. (AC +1, EV +1)
((You are camouflaged near water. (Stealth+)))
You have tentacles for arms and can constrict up to eight enemies at once.


Message History

You tentacle-slap the orc. Your grab misses the orc.
Your squeeze misses the orc.
The orc is lightly wounded.
The orc closely misses you.
You tentacle-slap the orc. You grab the orc. You squeeze the orc.
You kill the orc!
Things that are here:
a +0 club; a +0 chain mail
Found a stone staircase leading up.
An orc comes into view.
It is wielding a +2 short sword of venom.
An orc is nearby!
An orc is nearby!
An orc is nearby!
One of your tentacles grows a vicious spike.
The orc shouts!
An orc comes into view. It is wielding a +2 dagger of speed.
An orc comes into view. It is wielding a +0 dagger of venom.
The orc shouts! x2
An orc comes into view. It is wielding a +0 club.
An orc comes into view. It is wielding a +0 short sword.
The orc hits you with a +2 short sword of venom.
You are poisoned.
The orc shouts!
You tentacle-slap the orc but do no damage.
Your grab misses the orc.
You feel very sick.
The orc hits you with a +2 short sword of venom.
You are lethally poisoned!
You feel very sick. The orc misses you.
You feel very sick.
* * * LOW HITPOINT WARNING * * *
You feel very sick.
The orc hits you with a +2 dagger of speed.
* * * LOW HITPOINT WARNING * * *
* * * LOW HITPOINT WARNING * * *
You feel very sick.
It was a potion of attraction.
You feel attractive to monsters.
You die...

#. ##. #.# . .. #.# .##
#.## #.#.# ... #..# #.#.#.
#.. #..#+## #.#.#.
#.#######....#.#.#.
#.#.#..#.#....@o.ooo......
#.#.##.#.#.######o........
#.#.#.<....# #.........
#.#.####.##### ####......
#...##.......# ......
#............... ......
#....#######.### .....
##..........# .. ..##.
#....######.# ##


You could see 5 orcs.

Vanquished Creatures
  A hound (D:3)
  Ijyb (D:3)
  3 adders
  A worm (D:3)
  3 orcs
  A bat (D:1)
  5 endoplasms
  A giant cockroach (D:1)
  2 goblins
  2 hobgoblins
  3 jackals (D:1)
  10 quokkas
  4 ball pythons (D:2)
  2 frilled lizards
  7 kobolds
  4 rats
50 creatures vanquished.

Notes
Turn   | Place    | Note
-------+----------+-------------------------------------------
     0 | D:1      | ytrimaz the Octopode Transmuter began the quest for the
                  | Orb.
     0 | D:1      | Reached XP level 1. HP: 13/13 MP: 3/3
   367 | D:1      | Reached XP level 2. HP: 18/18 MP: 3/5
   370 | D:1      | Learned a level 2 spell: Wereblood
   757 | D:1      | Reached XP level 3. HP: 23/23 MP: 3/6
   766 | D:1      | Learned a level 3 spell: Spider Form
  1995 | D:3      | Reached XP level 4. HP: 10/28 MP: 6/8
  2408 | D:3      | Noticed Ijyb
  2436 | D:3      | Killed Ijyb
  2735 | D:3      | Reached XP level 5. HP: 31/34 MP: 7/9
  3522 | D:4      | Succumbed to an orc's poison

Illustrated notes

Levels and vault maps discovered:
D:1:      saegor_arrival_simple_b, layout_rooms
D:2:      layout_basic
D:3:      layout_basic, minivault_25, hangedman_abyss_or_decor_stabs,
          minmay_misc_feat_secret_circle, uniq_ijyb
D:4:      layout_basic, uniq_robin, uniq_pikel

Skill      XL: |  1  2  3  4 |
---------------+-------------+-----
Transmutations | 3 |  3.5
Spellcasting   | 3 |  3.1
Fighting       | |  1.8
Dodging        | |  2.0
Unarmed Combat | |  3.7

Action                   |  1- 3 |  4- 6 || total
-------------------------+-------+-------++-------
Melee: Unarmed           |    84 |    48 ||   132
       Constrict         |    21 |     6 ||    27
       Tentacles         |     7 |     4 ||    11
       Kick              |    16 |     5 ||    21
       Punch             |       |     1 ||     1
 Cast: Beastly Appendage |    18 |     7 ||    25
       Wereblood         |     2 |       ||     2
       Spider Form       |       |     3 ||     3
  Use: Scroll            |     3 |       ||     3
       Potion            |       |     1 ||     1
 Stab: Sleeping          |     3 |     1 ||     4
Armor: Skin              |     7 |     2 ||     9
Dodge: Dodged            |    43 |    28 ||    71

Table legend: (Time is in decaauts)
 A = Elapsed time spent in this place.
 B = Non-inter-level travel time spent in this place.
 C = Inter-level travel time spent in this place.
 D = Time resting spent in this place.
 E = Time spent auto-exploring this place.
 F = Levels seen in this place.
 G = Mean time per level.
                   A        B        C        D        E       F      G
               +--------+--------+--------+--------+--------+-----+--------+
         Total |   3512 |   3477 |     35 |    372 |   2642 |   4 |  878.0 |
       Dungeon |   3512 |   3477 |     35 |    372 |   2642 |   4 |  878.0 |
               +--------+--------+--------+--------+--------+-----+--------+

Top non-repeatable levels by time:
     D:3: 1537 daAuts
     D:1: 972 daAuts
     D:2: 912 daAuts
     D:4: 91 daAuts
